 Dungeon Crawl Stone Soup version 0.29.1-1-gd02db6906a (webtiles) character file.

Game seed: 12060027840572453770

104 Demigod47 the Shield-Bearer (level 4, -2/40 HPs)
             Began as a Minotaur Fighter on Oct 11, 2022.
             Slain by a gnoll
             ... wielding a +0 club
              (8 damage)
             ... on level 2 of the Dungeon.
             The game lasted 00:01:40 (1070 turns).

Demigod47 the Shield-Bearer (Minotaur Fighter)      Turns: 1070, Time: 00:01:40

Health: -2/40      AC:  7    Str: 23    XL:     4   Next: 52%
Magic:  3/3        EV:  9    Int:  5    God:
Gold:   32         SH:  4    Dex:  9    Spells: 3/3 levels left

rFire   . . .      SeeInvis .   a - +0 war axe
rCold   . . .      Faith    .   c - +0 buckler
rNeg    . . .      Spirit   .   b - +0 scale mail
rPois   .          Reflect  .   (helmet restricted)
rElec   .          Harm     .   (no cloak)
rCorr   .          Rampage  .   (no gloves)
Will    .....                   (no boots)
Stlth   ..........              (no amulet)
HPRegen 0.13/turn               (no ring)
MPRegen 0.08/turn               (no ring)

@: no status effects
A: horns 2, retaliatory headbutt
a: no special abilities


You were on level 2 of the Dungeon.
You visited 1 branch of the dungeon, and saw 2 of its levels.

You collected 32 gold pieces.

Inventory:

Hand Weapons
 a - a +0 war axe (weapon)
Armour
 b - a +0 scale mail (worn)
 c - a +0 buckler (worn)
Wands
 k - a wand of polymorph (13)
Scrolls
 f - a scroll of vulnerability {unknown}
 g - a scroll of identify {unknown}
 i - a scroll of magic mapping {unknown}
 j - a scroll of fear {unknown}
Potions
 d - a potion of might
 e - a potion of heal wounds {unknown}
 h - a potion of attraction {unknown}


   Skills:
 + Level 4.3 Fighting
 * Level 3.8 Axes
 + Level 4.4 Armour
 + Level 4.5 Shields


You had 3 spell levels left.
You didn't know any spells.
Your spell library contained the following spells:

 Spells                   Type           Power      Damage    Failure   Level
 Conjure Flame            Conj/Fire      0%         6-21      99%         3
 Ignite Poison            Fire/Tmut/Pois 0%         N/A       99%         3
 Sticky Flame             Conj/Fire      0%         2d3       100%        4


Dungeon Overview and Level Annotations

Branches:
Dungeon (2/15)

Altars:


Innate Abilities, Weirdness & Mutations

You have a pair of horns on your head.
You reflexively headbutt those who attack you in melee.


Message History

You slash the goblin!
You kill the goblin!
You now have 32 gold pieces (gained 11).
You see here a +0 dagger.
You open the door.
There is an open door here.
You open the door.
There is an open door here.
A gnoll comes into view. It is wielding a +0 flail.
Found a stone staircase leading down.
The gnoll shouts!
You hear a shout! x2
A gnoll comes into view. It is wielding a +0 club. x2
A worm comes into view.
The gnoll shouts!
You completely miss the gnoll. The gnoll hits you with a +0 flail!
You barely miss the gnoll. You headbutt the gnoll.
The gnoll is heavily wounded.
The gnoll barely misses you. The gnoll attacks as you move away!
You block the gnoll's attack.
You closely miss the gnoll.
The gnoll is heavily wounded.
You block the gnoll's attack.
You closely miss the gnoll.
The gnoll is heavily wounded.
The gnoll hits you with a +0 club. x2
You barely miss the gnoll.
The gnoll is heavily wounded.
The gnoll misses you. The gnoll closely misses you. You furiously retaliate!
You headbutt the gnoll!
You kill the gnoll!
The gnoll attacks as you move away! The gnoll hits you with a +0 flail.
You barely miss the gnoll. The gnoll hits you with a +0 flail!
* * * LOW HITPOINT WARNING * * *
You slash the gnoll!
You kill the gnoll!
The gnoll hits you with a +0 club.
* * * LOW HITPOINT WARNING * * *
You barely miss the gnoll. Your headbutt misses the gnoll.
The gnoll hits you with a +0 club!
You die...

### .>. #.# ...
##.######## ...
..#..## #w#
#.#...##
#g###.#....#
#@).#.'....#
#....##....#
#....###...+ #
#....# #..## ..+
#....###..##....#
#......#....#
#......#'##+#... #
#...............
..
#.#.#......#...#.#


You could see a worm and a gnoll.

Vanquished Creatures
  Terence (D:2)
  2 gnolls (D:2)
  2 adders (D:2)
  2 dart slugs (D:1)
  5 bats
  2 endoplasms
  3 hobgoblins
  4 jackals (D:2)
  5 kobolds
  A quokka (D:2)
  3 ball pythons
  5 goblins
  3 rats
38 creatures vanquished.

Notes
Turn   | Place    | Note
-------+----------+-------------------------------------------
     0 | D:1      | Demigod47 the Minotaur Fighter began the quest for the Orb.
     0 | D:1      | Reached XP level 1. HP: 19/19 MP: 0/0
   155 | D:1      | Found a faded altar of an unknown god.
   158 | D:1      | Reached XP level 2. HP: 27/27 MP: 1/1
   792 | D:2      | Noticed Terence
   796 | D:2      | Reached XP level 3. HP: 29/33 MP: 2/2
   803 | D:2      | Killed Terence
   804 | D:2      | Reached XP level 4. HP: 15/40 MP: 3/3
  1070 | D:2      | Slain by a gnoll

Illustrated notes

Levels and vault maps discovered:
D:1:      minmay_arrival_three_doors, layout_loops_ring,
          chequers_ecumenical_altar_simple, grunt_decor_clamped
D:2:      minmay_razor_zed, layout_basic, minmay_increasing_density,
          uniq_terence

Skill      XL: |  1  2 |
---------------+-------+-----
Fighting       | 4 |  4.3
Armour         | 4 |  4.4
Shields        | 4 |  4.5
Axes           | 3 |  3.8

Action                   |  1- 3 |  4- 6 || total
-------------------------+-------+-------++-------
Melee: War axe           |    29 |    23 ||    52
       Headbutt          |     3 |     2 ||     5
Armor: Scale mail        |    23 |     8 ||    31
Dodge: Dodged            |    34 |    21 ||    55
Block: Buckler           |    10 |    11 ||    21
